Map: Incorporeal LE

Players

KimChiLoVer - Winner!

  • Race: Terran Terran
  • Spawn Location: 11:00

A.I. 1 (Elite)

  • Race: Terran Terran
  • Spawn Location: 5:00

VOD

Have the link to the VOD?

Description

Time

  • Played on: Aug. 6, 2025, 9:06 p.m.
  • Length: 9:50
Show
View Real Time Build Order
Export as new Build Order

KimChiLoVer Terran - Winner!

Build Orders: Reaper Expand 

Get SALT Encoding   

  12  0:00  SCV  
  13  0:12  SCV  
  14  0:17  Supply Depot  
  14  0:24  SCV  
  15  0:39  SCV  
  15  0:40  Barracks  
  16  0:45  Refinery  
  16  0:51  SCV  
  17  1:03  SCV  
  18  1:15  SCV  
  19  1:27  Orbital Command  
  19  1:29  Reaper  
  20  1:39  Command Center  
  20  1:49  Supply Depot  
  20  1:53  SCV  
  21  2:02  Marine  
  21  2:05  Factory  
  22  2:10  Refinery  
  22  2:11  SCV  
  23  2:22  Barracks Reactor  
  23  2:23  SCV  
  24  2:35  SCV  
  25  2:41  Barracks  
  25  2:42  Barracks  
  25  2:47  SCV  
  26  2:52  Orbital Command  
  26  2:54  Factory Tech Lab  
  26  3:01  SCV  
  27  3:08  Marine x2  
  29  3:13  SCV  
  30  3:23  Starport, SCV  
  30  3:25  Factory Reactor, SCV  
  32  3:30  Marine x2  
  34  3:38  SCV  
  34  3:39  Supply Depot, SCV  
  36  3:44  Stimpack  
  36  3:45  Marine  
  36  3:47  Marine  
  36  3:48  Marine  
  39  3:54  SCV  
  39  3:55  SCV  
  41  4:04  Command Center  
  41  4:11  SCV  
  41  4:12  SCV  
  43  4:19  Medivac x2  
  43  4:20  Marine  
  43  4:21  Marine  
  43  4:23  SCV  
  50  4:24  SCV  
  50  4:30  Marine x2  
  53  4:31  Factory Tech Lab  
  53  4:37  Marine, Engineering Bay  
  54  4:42  Engineering Bay  
  54  4:47  Supply Depot  
  54  4:50  Supply Depot  
  54  4:58  Supply Depot  
  54  5:03  Supply Depot  
  54  5:08  Marine x4, Terran Infantry Weapons Level 1, SCV  
  54  5:09  Terran Infantry Armor Level 1  
  59  5:17  Siege Tank  
  59  5:18  Orbital Command  
  62  5:23  SCV x2  
  62  5:26  Marine x3  
  67  5:32  Marine  
  67  5:33  Combat Shield  
  67  5:35  SCV  
  69  5:36  SCV  
  70  5:44  Marine x2, Medivac  
  70  5:47  Supply Depot  
  70  5:48  SCV  
  70  5:49  SCV  
  76  5:56  Medivac  
  78  5:58  Refinery  
  78  6:00  Refinery, SCV  
  78  6:01  SCV x2  
  81  6:04  Marine x2  
  81  6:05  Marine x2  
  85  6:22  Marine x3  
  85  6:23  Marine  
  89  6:37  Siege Tank  
  90  6:40  Marine x4  
  93  6:50  Medivac  
  93  6:53  Orbital Command  
  95  6:58  Marine x2  
  97  7:09  Siege Tank  
  97  7:10  Supply Depot x2  
  97  7:11  Supply Depot  
  97  7:14  Barracks  
  97  7:15  Barracks x2  
  100  7:17  SCV  
  100  7:18  Armory  
  100  7:19  Marine x2, Marauder  
  100  7:21  Barracks Reactor  
  105  7:29  Barracks  
  103  7:30  Barracks  
  103  7:37  Marine x2  
  103  7:41  Marauder  
  97  7:55  Marine x2  
  94  8:02  Marine x5  
  99  8:10  SCV  
  100  8:13  Marine x2  
  100  8:17  Medivac x2  
  100  8:18  Barracks Tech Lab x2  
  100  8:19  Marine  
  106  8:20  Marine  
  106  8:23  SCV  
  106  8:24  Supply Depot  
  109  8:27  Supply Depot x2  
  109  8:30  Marine x2  
  109  8:31  Barracks Tech Lab  
  109  8:32  Barracks Reactor x2  
  111  8:37  Marine x2  
  113  8:44  SCV  
  114  8:48  Marine x2  
  114  8:55  Marine x2  
  116  8:56  SCV  
  118  9:06  Marine  
  118  9:08  SCV  
  120  9:14  SCV  
  120  9:15  SCV  
  122  9:20  Marine x7, Marauder x2, SCV  
  122  9:21  Marine  
  122  9:23  Command Center  
  122  9:24  Marine  
  139  9:26  SCV  
  139  9:27  SCV  
  139  9:28  Command Center  
  139  9:29  Supply Depot x2  
  139  9:31  Supply Depot  
  142  9:32  Command Center, SCV  
Show
View Real Time Build Order
Export as new Build Order

A.I. 1 (Elite) Terran 

Build Orders: 2 Factory 

Get SALT Encoding   

  12  0:00  SCV  
  13  0:13  SCV  
  14  0:18  Supply Depot  
  14  0:25  SCV  
  15  0:39  SCV  
  16  0:43  Barracks  
  16  0:51  SCV  
  17  1:03  SCV  
  18  1:15  SCV  
  18  1:16  Supply Depot  
  19  1:21  Refinery  
  19  1:28  SCV  
  19  1:29  Marine  
  21  1:40  SCV  
  22  1:47  Marine  
  22  1:50  Refinery  
  22  1:52  SCV  
  24  2:04  SCV  
  24  2:05  Marine  
  26  2:16  SCV  
  26  2:21  Factory  
  27  2:23  Marine  
  27  2:28  SCV  
  29  2:40  Factory, SCV  
  29  2:41  Marine  
  29  2:44  Supply Depot  
  31  2:53  Orbital Command  
  31  3:05  Marine  
  32  3:07  Factory Tech Lab  
  32  3:19  SCV  
  33  3:22  Command Center  
  33  3:23  Marine  
  33  3:24  Factory Tech Lab  
  34  3:31  SCV  
  35  3:43  SCV  
  36  3:55  SCV  
  37  4:01  Barracks  
  37  4:07  SCV  
  37  4:09  Supply Depot  
  38  4:19  SCV  
  42  4:31  Siege Tank x2, SCV  
  42  4:33  Supply Depot  
  42  4:34  Marine, SCV  
  48  4:43  SCV  
  48  4:44  Supply Depot  
  49  4:46  SCV  
  50  4:55  SCV  
  50  4:58  SCV  
  52  5:02  Barracks Tech Lab, Marine  
  52  5:03  Siege Tank x2  
  59  5:08  SCV  
  59  5:10  SCV  
  61  5:20  Marine, SCV  
  61  5:21  Marauder  
  65  5:22  Barracks, SCV  
  65  5:23  Stimpack  
  65  5:26  Starport  
  66  5:31  Command Center  
  66  5:39  Barracks Reactor  
  66  5:47  Marauder  
  68  5:58  Supply Depot  
  68  6:02  Engineering Bay, Starport Reactor  
  68  6:08  Marine x2  
  70  6:21  Marine  
  70  6:23  Marine  
  71  6:26  Marauder  
  71  6:30  Terran Infantry Weapons Level 1  
  68  6:38  SCV x2  
  49  6:43  SCV  
  50  6:47  Marauder  
  50  6:50  SCV  
  50  6:51  SCV  
  54  6:55  SCV  
  55  7:02  SCV  
  55  7:03  Combat Shield, SCV  
  55  7:07  SCV  
  58  7:09  Marauder  
  58  7:14  SCV  
  61  7:16  SCV  
  61  7:19  SCV  
  63  7:26  SCV  
  63  7:28  SCV  
  65  7:30  Marauder  
  65  7:32  SCV  
  66  7:38  SCV  
  66  7:40  SCV  
  24  9:26  SCV  
  24  9:28  Command Center  
  24  9:31  SCV  
Tags
 
Add a new tag
Caveats
  • Supply blocks, unpowered buildings, or Contaminate may cause inaccurate times.
  • Supply counts are checked every 10 seconds.